 Dungeon Crawl Stone Soup version 0.25-a0-583-g696c2ac64d (webtiles) character file.

Game seed: 5377554729809528482, levelgen mode: deterministic

198907 ReteAZ the Phalangite (level 18, -12/160 HPs)
             Began as a Merfolk Gladiator on Mar 8, 2020.
             Was the Champion of Okawaru.
             Mangled by a hornet (19 damage)
             ... while paralysed by a hornet
             ... on level 4 of the Spider Nest.
             The game lasted 01:46:09 (36963 turns).

ReteAZ the Phalangite (Merfolk Gladiator)          Turns: 36963, Time: 01:46:09

Health: -12/160    AC: 22    Str: 16    XL:     18   Next: 46%
Magic:  1/27       EV:  2    Int:  7    God:    Okawaru [******]
Gold:   3023       SH:  0    Dex: 22    Spells: 17/17 levels left

rFire    + + .     SeeInvis +   J - +2 demon trident (freeze)
rCold    + . .     Gourm    .   N - +3 kite shield
rNeg     . . .     Faith    .   u - +2 leather armour {rPois}
rPois    +         Spirit   .   G - +3 helmet of Dithmenos's Anger {+Inv rF+ Slay+3}
rElec    .         Reflect  .   D - +2 cloak {rC+}
rCorr    .         Harm     .   O - +2 pair of gloves of the Endless Expanse {rPois rF+}
MR       +....                  X - +0 pair of boots
Stlth    ++........             a - amulet of magic regeneration
HPRegen  0.36/turn              I - ring of see invisible
MPRegen  0.45/turn              T - +3 ring of protection

@: paralysed, lethally poisoned (-12 -> -14)
A: change form in water, swift swim, stealthy swim, robust 1
}: 1/15 runes: barnacled
a: Heroism, Finesse, Renounce Religion, Evoke Invisibility


You were on level 4 of the Spider Nest.
You worshipped Okawaru.
Okawaru was exalted by your worship.
You were not hungry.

You visited 5 branches of the dungeon, and saw 27 of its levels.
You also visited: Ice Cave.

You collected 3165 gold pieces.
You spent 142 gold pieces at shops.

Inventory:

Hand Weapons
 J - a +2 demon trident of freezing (weapon)
Missiles
 d - 8 throwing nets
 r - 46 javelins (quivered)
 s - 10 curare-tipped darts
 W - 21 silver javelins
Armour
 u - a +2 leather armour of poison resistance (worn)
 x - a scarf of resistance
 D - a +2 cloak of cold resistance (worn)
 G - the +3 helmet of Dithmenos's Anger (worn) {+Inv rF+ Slay+3}
   (You found it on level 5 of the Lair of Beasts)

   It affects your accuracy and damage with ranged weapons and melee attacks
   (+3).
   It protects you from fire.
   It lets you turn invisible.
 N - a +3 kite shield (worn)
 O - the +2 pair of gloves of the Endless Expanse (worn) {rPois rF+}
   (Okawaru gifted it to you on level 3 of the Spider Nest)

   It protects you from fire.
   It protects you from poison.
 X - a +0 pair of boots (worn)
Jewellery
 a - an amulet of magic regeneration (around neck)
 I - a ring of see invisible (left hand)
 M - the ring "Etoink" {rF+ Stlth+}
   (You found it on level 8 of the Dungeon)

   [ring of stealth]

   It protects you from fire.
   It makes you more stealthy.
 T - a +3 ring of protection (right hand)
Wands
 b - a wand of enslavement (6)
 h - a wand of disintegration (16)
 p - a wand of flame (33)
 y - a wand of digging (16)
 B - a wand of iceblast (30)
 H - a wand of paralysis (32)
 L - a wand of clouds (5)
 R - a wand of acid (3)
 Z - a wand of scattershot (4)
Scrolls
 g - 9 scrolls of identify
 i - 10 scrolls of teleportation
 j - 6 scrolls of amnesia
 m - 7 scrolls of magic mapping
 n - 2 scrolls of fog
 t - 12 scrolls of remove curse
 v - 4 scrolls of enchant weapon
 w - a scroll of silence
 C - a scroll of brand weapon {unknown}
 F - 3 scrolls of holy word
 S - a scroll of enchant armour
 U - 2 scrolls of fear
 V - a scroll of blinking
Potions
 e - 2 potions of mutation
 k - 2 potions of resistance
 l - 3 potions of curing
 o - 5 potions of haste
 q - 2 potions of cancellation
 z - a potion of flight
 K - 3 potions of might
Miscellaneous
 c - a lamp of fire (inert)
 E - a lamp of fire (inert)
 P - 2 boxes of beasts
Comestibles
 f - 43 rations
 A - 4 chunks of flesh


   Skills:
 - Level 14.0 Fighting
 - Level 21.0 Polearms
 - Level 6.0 Throwing
 + Level 12.2 Armour
 - Level 14.0 Dodging
 - Level 12.0 Shields
 - Level 8.0 Invocations
 - Level 13.0 Evocations


You had 17 spell levels left.
You didn't know any spells.
Your spell library contained the following spells:

 Spells                   Type           Power        Failure   Level  Hunger
 Animate Skeleton         Necr           N/A          61%         1    ##.....
 Corona                   Hex            #......      61%         1    ##.....
 Pain                     Necr           #...         61%         1    ##.....
 Corpse Rot               Necr/Air       N/A          75%         2    ###....
 Ensorcelled Hibernation  Hex/Ice        #.....       75%         2    ###....
 Sublimation of Blood     Necr           #.........   75%         2    ###....
 Confusing Touch          Hex            #.......     93%         3    ####...
 Dazzling Flash           Conj/Hex       #.....       93%         3    ####...
 Tukima's Dance           Hex            #.......     93%         3    ####...
 Vampiric Draining        Necr           #.........   93%         3    ####...
 Animate Dead             Necr           N/A          100%        4    #####..
 Dispel Undead            Necr           #.......     100%        4    #####..
 Agony                    Necr           #.......     100%        5    ######.
 Excruciating Wounds      Chrm/Necr      #.........   100%        5    ######.
 Irradiate                Conj/Tmut      #.........   100%        5    ######.
 Hydra Form               Tmut           #.........   100%        6    #######
 Statue Form              Tmut/Erth      #........    100%        6    #######
 Dragon Form              Tmut           #.........   100%        7    #######


Dungeon Overview and Level Annotations

Branches:
Dungeon (11/15)            Temple (0/1) D:7            Lair (6/6) D:10
 Shoals (4/4) Lair:2       Spider (4/4) Lair:2        Slime (0/5) Lair:5
    Orc (2/2) D:11            Elf (0/3) Orc:2         IceCv (visited)

Altars:
Cheibriados
Elyvilon
Okawaru
Qazlal
Ru
Trog
Uskayaw
Vehumet
Xom
Yredelemnul
Beogh
Jiyva

Shops:
D:4 [   Orc:2 ([!!

Annotations:
D:4 3 runed translucent doors, KiliKikkendorf's ghost, amateur HOFE
D:6 exclusion: downstairs
Lair:2 exclusion: 2 oklob plants
Lair:3 1 runed translucent door
Lair:4 1 runed translucent door
Shoals:2 Polyphemus
Shoals:4 1 runed translucent door
Spider:2 1 runed translucent door, poopendork's ghost, journeyman BaSu


Innate Abilities, Weirdness & Mutations

You revert to your normal form in water.
You are very nimble and swift while swimming.
You are very stealthy in the water. (Stealth+)
You are robust. (+10% HP)


Message History

The emperor scorpion is almost dead.
The hornet stings you but does no damage.
The emperor scorpion stings you!!
You block the emperor scorpion's attack. x2
The hornet is engulfed in blazing flames.
The hornet stings you!!
* * * LOW HITPOINT WARNING * * *
You suddenly lose the ability to move!
The hornet is engulfed in blazing flames.
The hornet rages.
The hornet stings you.
* * * LOW HITPOINT WARNING * * *
You are poisoned.
The emperor scorpion barely misses you. The emperor scorpion claws you!
* * * LOW HITPOINT WARNING * * *
The emperor scorpion claws you!
* * * LOW HITPOINT WARNING * * *
The hornet is engulfed in blazing flames.
The hornet stings you!!
You die...

##### #### ###.≈^#
###≈≈#######.....#####
#...≈≈≈#≈≈^...(..≈.≈.###
##..≈†≈≈..≈##≈.##.....≈######
##^##≈.^≈###..##≈≈#....#≈≈≈###
###≈..≈## #≈..#####≈...≈≈≈≈≈.
#....#**##@.#***#≈..(≈##≈..
##≈..##*,^#ys#,,*##≈..^≈####
##≈.^## *,,y##y°,* ###≈.≈####
#..≈####*,..,^..○#***##≈..≈##
#≈.≈#^.#*.^.,,,..+^,* #.≈^..#
###.††≈≈^#####***###**####≈≈..≈
##≈≈..≈≈≈.############ #..≈≈≈≈.≈
#...≈##.^###≈≈≈.##≈≈≈###^†.###≈.
#≈..≈#####≈≈^...≈....≈.##.## ##≈


You could see an emperor scorpion (berserk), a ghost moth (invisible) and 2
hornets.

Vanquished Creatures
  Arachne (Spider:3)
  A kraken (Shoals:4)
  Gastronok (Lair:2)
  Ilsuiw (Shoals:2)
  7 emperor scorpions
  4 ghost moths
  5 entropy weavers
  A reaper (IceCv)
  A spark wasp (Spider:4)
  4 merfolk javelineers (Shoals:4)
  9 merfolk impalers
  4 hydras
  3 catoblepae (Lair:6)
  A centaur warrior (Shoals:3)
  2 alligator snapping turtles (Shoals:4)
  7 merfolk aquamancers
  3 satyrs (Shoals:4)
  5 merfolk avatars
  8 death yaks
  3 orc high priests (Orc:2)
  A queen ant (Lair:5)
  2 unseen horrors
  13 sea snakes
  16 harpies
  4 orc knights (Orc:2)
  17 orb spiders
  7 fauns
  An ugly thing (D:11)
  7 orc sorcerers
  2 cyclopes
  4 moths of wrath
  16 manticores
  29 wolf spiders
  Joseph (D:7)
  11 merfolk sirens
  8 elephants (Lair:3)
  3 black mambas
  2 ice statues (IceCv)
  2 torpor snails
  8 spiny frogs
  5 water nymphs
  3 kobold demonologists (D:11)
  17 demonic crawlers
  5 komodo dragons
  12 ice devils
  2 rime drakes
  27 jumping spiders
  40 merfolk
  A polar bear (Lair:3)
  3 wind drakes
  11 hornets
  3 trolls
  Prince Ribbit (D:6)
  8 blink frogs
  14 hippogriffs
  3 snapping turtles
  7 dream sheep
  Sigmund (D:6)
  A spriggan (D:7)
  52 redbacks
  17 water elementals
  Eustachio (D:4)
  6 wyverns
  33 tarantellas
  49 yaks
  3 hungry ghosts
  Edmund (D:6)
  19 soldier ants (Lair:5)
  11 water moccasins
  9 porcupines
  2 phantoms
  18 orc warriors
  4 ice beasts
  3 sky beasts
  A black bear (Lair:3)
  2 necrophages (D:10)
  An eye of draining (D:11)
  4 ogres
  11 centaurs
  13 crocodiles
  8 wolves
  Blork the orc (D:4)
  17 bullfrogs
  3 big kobolds
  A wyvern skeleton (D:5)
  8 scorpions
  7 killer bees
  12 wights
  2 howler monkeys
  10 electric eels
  5 crimson imps
  A bullfrog zombie (D:6)
  2 centaur zombies
  16 orc priests
  9 hounds
  2 centaur skeletons
  5 iguanas
  16 orc wizards
  33 worker ants
  A hound zombie (D:10)
  A howler monkey zombie (D:6)
  8 adders
  A shadow imp (D:5)
  3 white imps (IceCv)
  7 ufetubi (IceCv)
  An ooze (D:5)
  An adder zombie (D:9)
  A dart slug (D:1)
  10 leopard geckos
  42 orcs
  A ball python (D:2)
  9 giant cockroaches
  11 goblins
  6 hobgoblins
  8 jackals
  28 kobolds
  4 quokkas
  9 bats
  5 frilled lizards
  A quokka skeleton (D:7)
  A rat (D:1)
  3 plants
  8 tentacles (Shoals:4)
977 creatures vanquished.

Vanquished Creatures (collateral kills)
  An orb spider (Spider:4)
  A wolf spider (Spider:4)
  A redback (Spider:4)
  An electric eel (Spider:4)
4 creatures vanquished.

Vanquished Creatures (others)
  A harpy (Shoals:4)
  A tarantella (Spider:3)
  An orc priest (Orc:2)
  5 white imps (IceCv)
  5 ufetubi (IceCv)
  5 bushes (Lair:2)
  A fungus (Lair:5)
  31 plants
  30 tentacles
  3 toadstools (Lair:4)
83 creatures vanquished.

Grand Total: 1064 creatures vanquished

Notes
Turn   | Place    | Note
-------+----------+-------------------------------------------
     0 | D:1      | ReteAZ the Merfolk Gladiator began the quest for the Orb.
     0 | D:1      | Reached XP level 1. HP: 16/16 MP: 1/1
    62 | D:1      | Reached XP level 2. HP: 23/23 MP: 2/2
   106 | D:1      | Reached skill level 5 in Polearms
   329 | D:1      | Reached XP level 3. HP: 16/28 MP: 3/3
   593 | D:1      | You fall into a shaft and drop 1 floor!
  1235 | D:3      | Reached XP level 4. HP: 34/34 MP: 4/4
  1254 | D:3      | Found a faded altar of an unknown god.
  1341 | D:3      | Reached skill level 6 in Polearms
  1365 | D:3      | Found a sacrificial altar of Ru.
  1597 | D:3      | Found a stormy altar of Qazlal.
  1637 | D:3      | Reached skill level 5 in Dodging
  1637 | D:3      | Reached XP level 5. HP: 36/41 MP: 5/5
  1958 | D:3      | Reached skill level 7 in Polearms
  2153 | D:4      | Found a runed translucent gate.
  2153 | D:4      | Found a runed translucent gate.
  2153 | D:4      | Found a runed translucent gate.
  2174 | D:4      | Noticed Blork the orc
  2177 | D:4      | Gained mutation: Scrolls take you a little longer to read.
                  | [potion of mutation]
  2177 | D:4      | Gained mutation: You are robust. (+10% HP) [potion of
                  | mutation]
  2177 | D:4      | Gained mutation: You evolve. [potion of mutation]
  2193 | D:4      | Killed Blork the orc
  2193 | D:4      | Reached XP level 6. HP: 34/52 MP: 6/6
  2597 | D:4      | Found a basalt altar of Yredelemnul.
  2629 | D:4      | Noticed Eustachio
  2685 | D:4      | Killed Eustachio
  2685 | D:4      | Reached skill level 8 in Polearms
  2685 | D:4      | Reached XP level 7. HP: 35/60 MP: 7/7
  2904 | D:4      | Noticed KiliKikkendorf's ghost (amateur HOFE)
  3080 | D:4      | Found Takeerab's Antique Armour Shop.
  3083 | D:4      | Bought a pair of embroidered gloves for 142 gold pieces
  3141 | D:4      | Found a white marble altar of Elyvilon.
  3548 | D:5      | Entered Level 5 of the Dungeon
  3697 | D:5      | Reached skill level 9 in Polearms
  3964 | D:5      | Reached skill level 5 in Fighting
  4012 | D:5      | Reached XP level 8. HP: 29/68 MP: 8/8
  4025 | D:5      | Reached skill level 10 in Polearms
  4463 | D:5      | Gained mutation: You rapidly evolve. [evolution]
  4523 | D:6      | Noticed Edmund
  4555 | D:6      | Killed Edmund
  4895 | D:6      | Reached skill level 11 in Polearms
  5078 | D:6      | Found an iron altar of Okawaru.
  5112 | D:6      | Became a worshipper of Warmaster Okawaru
  5145 | D:6      | Noticed Sigmund
  5257 | D:6      | Killed Sigmund
  5616 | D:6      | Reached XP level 9. HP: 57/78 MP: 9/9
  5745 | D:6      | Lost mutation: Scrolls take you a little longer to read.
                  | [evolution]
  5757 | D:6      | Reached skill level 12 in Polearms
  5813 | D:6      | Found a basalt altar of Yredelemnul.
  6028 | D:6      | Noticed Prince Ribbit
  6037 | D:6      | Killed Prince Ribbit
  6037 | D:6      | Reached * piety under Okawaru
  6371 | D:7      | Found a staircase to the Ecumenical Temple.
  6443 | D:7      | Noticed Joseph
  6449 | D:7      | Reached skill level 13 in Polearms
  6660 | D:7      | Reached ** piety under Okawaru
  7088 | D:7      | Gained mutation: You are weak. (Str -2) [evolution]
  7176 | D:7      | Killed Joseph
  7176 | D:7      | Reached skill level 14 in Polearms
  7176 | D:7      | Reached XP level 10. HP: 41/88 MP: 10/10
  7403 | D:7      | Reached skill level 10 in Dodging
  8044 | D:8      | Got a pitted glass ring
  8045 | D:8      | Identified the ring "Etoink" {rF+ Stlth+} (You found it on
                  | level 8 of the Dungeon)
  8069 | D:8      | Reached skill level 1 in Invocations
  8167 | D:8      | Found a hide-covered altar of Uskayaw.
  8167 | D:8      | Found a radiant altar of Vehumet.
  8565 | D:9      | Reached *** piety under Okawaru
  8608 | D:9      | Reached skill level 1 in Armour
  8750 | D:9      | Found a shimmering altar of Xom.
  9096 | D:9      | Reached skill level 15 in Polearms
  9230 | D:10     | Entered Level 10 of the Dungeon
  9232 | D:10     | Found a staircase to the Lair.
  9243 | D:10     | Reached **** piety under Okawaru
  9395 | D:10     | Reached XP level 11. HP: 50/95 MP: 13/13
  9822 | D:10     | Killed an unseen horror
  9822 | D:10     | Reached ***** piety under Okawaru
  9955 | D:10     | Reached skill level 16 in Polearms
 10316 | D:10     | Received a gift from Okawaru
 10400 | D:11     | Found a snail-covered altar of Cheibriados.
 10522 | D:11     | Reached skill level 5 in Invocations
 10566 | D:11     | Found a staircase to the Orcish Mines.
 10709 | D:11     | Killed an unseen horror
 10744 | D:11     | Noticed a purple ugly thing
 10762 | D:11     | Killed a purple ugly thing
 10849 | D:11     | Received a gift from Okawaru
 11225 | Lair:1   | Entered Level 1 of the Lair of Beasts
 11272 | Lair:1   | Reached skill level 10 in Fighting
 11272 | Lair:1   | Reached skill level 17 in Polearms
 11505 | Lair:1   | Received a gift from Okawaru
 11768 | Lair:1   | Lost mutation: You are weak. (Str -2) [evolution]
 12081 | Lair:2   | Noticed Gastronok
 12087 | Lair:2   | Reached XP level 12. HP: 104/104 MP: 16/16
 12145 | Lair:2   | Found a staircase to the Shoals.
 12149 | Lair:2   | Reached skill level 1 in Evocations
 12387 | Lair:2   | Found a hole to the Spider Nest.
 12466 | Lair:2   | Noticed a six-headed hydra
 12496 | Lair:2   | Killed a six-headed hydra
 12643 | Lair:2   | Reached skill level 18 in Polearms
 12680 | Lair:2   | Noticed an eight-headed hydra
 12698 | Lair:2   | Killed an eight-headed hydra
 12979 | Lair:2   | Killed Gastronok
 12979 | Lair:2   | Received a gift from Okawaru
 13363 | Lair:3   | Reached skill level 5 in Throwing
 13530 | Lair:3   | Lost mutation: You rapidly evolve. [evolution]
 13530 | Lair:3   | Lost mutation: You evolve. [end of evolution]
 13689 | Lair:3   | Got a faintly humming chain mail
 13700 | Lair:3   | Identified the +4 chain mail of the Monkey {rC+ MR- Regen+}
                  | (You found it on level 3 of the Lair of Beasts)
 13781 | Lair:3   | Reached XP level 13. HP: 111/111 MP: 18/18
 13795 | Lair:3   | Reached skill level 19 in Polearms
 13905 | Lair:3   | Found a runed translucent door.
 14065 | Lair:3   | Received a gift from Okawaru
 14065 | Lair:3   | Reached skill level 5 in Evocations
 14288 | Lair:3   | Received a gift from Okawaru
 14665 | Lair:4   | Found a frozen archway.
 14760 | IceCv    | Entered an ice cave
 15245 | IceCv    | Noticed a reaper
 15260 | IceCv    | Killed a reaper
 15260 | IceCv    | Reached skill level 20 in Polearms
 15348 | IceCv    | Found the +8 autumn katana {vorpal, Clar}
 15909 | Lair:4   | Received a gift from Okawaru
 16014 | Lair:4   | Noticed a dire elephant
 16051 | Lair:4   | Found a runed translucent door.
 16541 | Lair:5   | Noticed an entropy weaver
 16580 | Lair:5   | Killed an entropy weaver
 16994 | Lair:5   | Reached skill level 5 in Armour
 17001 | Lair:5   | Noticed an entropy weaver
 17403 | Lair:5   | Got a pitted helmet
 17414 | Lair:5   | Identified the +3 helmet of Dithmenos's Anger {+Inv rF+
                  | Slay+3} (You found it on level 5 of the Lair of Beasts)
 17434 | Lair:5   | Reached XP level 14. HP: 122/122 MP: 20/20
 17507 | Lair:5   | Killed an entropy weaver
 17507 | Lair:5   | Received a gift from Okawaru
 17523 | Lair:5   | Got a brightly glowing buckler {god gift}
 17799 | Lair:5   | Identified the +2 buckler of Nozaluh {+Fly rC- Int+7}
                  | (Okawaru gifted it to you on level 5 of the Lair of Beasts)
 18042 | Lair:5   | Found a viscous altar of Jiyva.
 18042 | Lair:5   | Found a staircase to the Slime Pits.
 18072 | Lair:5   | Reached skill level 1 in Shields
 18147 | Lair:5   | Reached ****** piety under Okawaru
 18464 | Lair:6   | Entered Level 6 of the Lair of Beasts
 19636 | Lair:6   | Received a gift from Okawaru
 19639 | Lair:6   | Got a distressingly furry chain mail {god gift}
 19651 | Lair:6   | Identified the +4 chain mail of Neiruan {*Drain rPois rF+
                  | Dex+4} (Okawaru gifted it to you on level 6 of the Lair of
                  | Beasts)
 20223 | Orc:1    | Entered Level 1 of the Orcish Mines
 20293 | Orc:1    | Found a bloodstained altar of Trog.
 20435 | Orc:2    | Entered Level 2 of the Orcish Mines
 20567 | Orc:2    | Found Xusch's Distillery.
 20663 | Orc:2    | Found a staircase to the Elven Halls.
 20880 | Orc:2    | Reached skill level 5 in Shields
 21433 | Orc:1    | Found a roughly hewn altar of Beogh.
 21851 | Orc:2    | Reached XP level 15. HP: 123/130 MP: 21/21
 21920 | Orc:2    | Found Jaulull's Distillery.
 21928 | Orc:2    | Paralysed by an orc sorcerer for 7 turns
 21937 | Orc:2    | Paralysed by an orc sorcerer for 6 turns
 21945 | Orc:2    | Received a gift from Okawaru
 21973 | Orc:2    | Found Eho Yquf's Antique Armour Shoppe.
 22164 | Orc:2    | Found Hoyme's Weapon Shop.
 22345 | Shoals:1 | Entered Level 1 of the Shoals
 23132 | Shoals:1 | Reached skill level 10 in Evocations
 23301 | Shoals:1 | Noticed a kraken
 23460 | Shoals:1 | Received a gift from Okawaru
 23598 | Shoals:1 | Received a gift from Okawaru
 24296 | Shoals:2 | Noticed Polyphemus
 24324 | Shoals:2 | Noticed Ilsuiw
 24343 | Shoals:2 | Killed Ilsuiw
 25464 | Shoals:2 | Received a gift from Okawaru
 25898 | Shoals:3 | Reached skill level 10 in Shields
 26024 | Shoals:3 | Reached XP level 16. HP: 137/137 MP: 24/24
 26492 | Shoals:3 | Got a shimmering halberd
 26493 | Shoals:3 | Identified the +7 halberd "Kyman" {vorpal, Int+4 Dex+4}
                  | (You found it on level 3 of the Shoals)
 26528 | Shoals:4 | Entered Level 4 of the Shoals
 26605 | Shoals:4 | Received a gift from Okawaru
 26993 | Shoals:4 | Found a runed translucent door.
 28224 | Shoals:4 | Noticed a kraken
 28266 | Shoals:4 | HP: 4/137 [tentacle[a kraken] (17)]
 29239 | Shoals:4 | Identified the cursed +3 battleaxe of Imminent Death {vamp,
                  | rC+++ Str-5 Dex+3 SInv}
 29507 | Shoals:4 | Received a gift from Okawaru
 29763 | Shoals:4 | HP: 4/141 [merfolk impaler/+1 trident of distortion (17)]
 29782 | Shoals:4 | Received a gift from Okawaru
 30694 | Shoals:4 | Killed a kraken
 30694 | Shoals:4 | Reached XP level 17. HP: 141/148 MP: 26/26
 30996 | Shoals:4 | Got a barnacled rune of Zot
 31288 | Spider:1 | Entered Level 1 of the Spider Nest
 31431 | Spider:1 | Received a gift from Okawaru
 32596 | Spider:2 | Reached skill level 21 in Polearms
 32612 | Spider:2 | Found a runed translucent door.
 32613 | Spider:2 | Noticed poopendork's ghost (journeyman BaSu)
 32750 | Spider:2 | Identified a scroll of acquirement
 33281 | Spider:3 | Received a gift from Okawaru
 33687 | Spider:3 | Received a gift from Okawaru
 33979 | Spider:3 | Got a pair of faintly humming gloves {god gift}
 33990 | Spider:3 | Identified the +2 pair of gloves of the Endless Expanse
                  | {rPois rF+} (Okawaru gifted it to you on level 3 of the
                  | Spider Nest)
 34180 | Spider:3 | Noticed Arachne
 34249 | Spider:3 | Killed Arachne
 34886 | Spider:4 | Entered Level 4 of the Spider Nest
 35491 | Spider:4 | Reached skill level 10 in Armour
 35535 | Spider:4 | Reached XP level 18. HP: 155/160 MP: 27/27
 36188 | Spider:4 | Received a gift from Okawaru
 36677 | Spider:4 | Received a gift from Okawaru
 36962 | Spider:4 | Paralysed by a hornet for 2 turns
 36963 | Spider:4 | HP: 7/160 [emperor scorpion (8)]
 36963 | Spider:4 | Mangled by a hornet

Levels and vault maps discovered:
D:1:      heliophobic_arrival_glass_houses, layout_rooms, minmay_crystal_room
D:2:      layout_basic
D:3:      kennysheep_six_static_rooms, layout_basic,
          nicolae_ru_the_path_less_chosen, marbit_many_paths,
          chequers_ecumenical_altar_simple,
          wander_ebering_terrifying_dragon_lair
D:4:      layout_basic, kennysheep_ying_yang, first_ration, serial_shops,
          nicolae_shop_behind_doors, gammafunk_ghost_icy, uniq_blork_the_orc,
          uniq_eustachio
D:5:      layout_cave_pools
D:6:      layout_cave_pods, old_standard_altar, basic_altar, uniq_edmund,
          uniq_prince_ribbit1, uniq_sigmund
D:7:      layout_basic, temple_doors_ab, the_bakery, roderic_filled_cross,
          uniq_joseph
D:8:      layout_cave_pods, gammafunk_temple_overflow_wave
D:9:      layout_roguey, basic_altar, kennysheep_generic_room_3
D:10:     layout_basic, erik_lair_island
D:11:     layout_long_grid, orc_0_dummy, hangedman_decor_riveting,
          cheibriados_altar_1
Lair:1:   layout_cave_shapes
Lair:2:   layout_regular_city, elwin_shoals_entry_rocks,
          spider_nest_entry_rubble, minmay_hedge_maze,
          minmay_lair_oklob_chamber, infiniplex_staircase_pool, uniq_gastronok
Lair:3:   gammafunk_mikee_crab_dinner, layout_gridlike
Lair:4:   gammafunk_lair_enchanted_lake, layout_gridlike,
          portal_ice_cave_demonic_guard, serial_bayou_shore_b
Lair:5:   layout_regular_city, slime_altar_1, zaba_anthell
Lair:6:   evilmike_catoblepas_cave, layout_gridlike
Shoals:1: layout_shoals
Shoals:2: layout_shoals, uniq_polyphemus, uniq_ilsuiw
Shoals:3: layout_shoals, centaur_isle
Shoals:4: shoals_end_hangedman, layout_shoals, shoals_ilsuiw_ice,
          ebering_ghost_reflecting_pool, nicolae_shoals_kraken_intersection
Spider:1: layout_spider_delve, drop_trap
Spider:2: layout_spider_delve, ebering_ghost_reflecting_pool
Spider:3: spiders_nest_scorpion_pit, uniq_arachne
Spider:4: spider_rune_water, nicolae_spider_cling_ruins
Orc:1:    nicolae_orc_accident_2, layout_diamond_mine, trog_butcher_becter
Orc:2:    st_orc_elflike, layout_diamond_mine

Skill      XL: |  1  2  3  4  5  6  7  8  9 10 11 12 13 14 15 16 17 18 |
---------------+-------------------------------------------------------+-----
Polearms       | 5 6 7 8 9 11 14 15 17 18 20 21 | 21.0
Fighting       | 3 4 5 6 7 9 10 11 12 14 | 14.0
Dodging        | 5 6 8 9 10 11 12 13 14 | 14.0
Invocations    | 3 6 7 8 |  8.0
Armour         | 2 4 5 6 10 12 | 12.2
Evocations     | 4 6 8 11 12 13 | 13.0
Throwing       | 5 6 |  6.0
Shields        | 5 10 11 12 | 12.0

Action                   |  1- 3 |  4- 6 |  7- 9 | 10-12 | 13-15 | 16-18 || total
-------------------------+-------+-------+-------+-------+-------+-------++-------
Melee: Trident           |   142 |   170 |   174 |    33 |       |       ||   519
       Scythe            |       |       |   140 |   256 |       |       ||   396
       Halberd           |       |       |       |   377 |    69 |       ||   446
       Tailslap          |       |       |       |     1 |    36 |    68 ||   105
       Punch             |       |       |       |     1 |     1 |       ||     2
       Demon trident     |       |       |       |       |  1249 |  1204 ||  2453
       Glaive            |       |       |       |       |   154 |   337 ||   491
Throw: Dart              |       |       |     5 |     3 |    10 |    10 ||    28
       Javelin           |       |       |       |     5 |     2 |    83 ||    90
       Throwing net      |       |       |       |     2 |       |     1 ||     3
       Boomerang         |       |       |       |       |       |    46 ||    46
Invok: Finesse           |       |       |       |     4 |     1 |     2 ||     7
       Heroism           |       |       |       |     3 |     5 |     3 ||    11
 Abil: Evoke Invisibilit |       |       |       |       |       |     4 ||     4
Evoke: Wand              |       |       |       |     5 |    17 |    27 ||    49
       Lamp of fire      |       |       |       |       |       |     2 ||     2
       Box of beasts     |       |       |       |       |       |     2 ||     2
       Phantom mirror    |       |       |       |       |       |     1 ||     1
  Use: Potion            |       |     6 |     4 |       |     1 |     9 ||    20
       Scroll            |       |       |       |     9 |    20 |    12 ||    41
 Stab: Sleeping          |     1 |     1 |     6 |    17 |     7 |    13 ||    45
       Distracted        |     1 |       |     1 |     4 |     3 |     7 ||    16
       Paralysed         |       |       |       |       |       |     3 ||     3
       Invisible         |       |       |       |       |       |    10 ||    10
       Held in net/web   |       |       |       |       |       |     1 ||     1
  Eat: Chunk             |     1 |     5 |    14 |    22 |    35 |    29 ||   106
       Ration            |       |       |       |     1 |     1 |     2 ||     4
Armor: Leather armour    |    33 |    27 |    43 |    23 |    37 |   206 ||   369
       Troll leather arm |       |       |       |   115 |    26 |       ||   141
       Chain mail        |       |       |       |       |   197 |   234 ||   431
Dodge: Dodged            |   130 |    89 |   290 |   603 |   433 |  1105 ||  2650
Block: Buckler           |       |       |       |       |   174 |    55 ||   229
       Kite shield       |       |       |       |       |    14 |   722 ||   736

Table legend:
 A = Non-vault XP
 B = Vault XP
 C = Vault XP percentage of total XP
 D = Non-vault monster count
 E = Vault monster count
 F = Vault count percentage of total count
                 A         B        C        D         E       F
            +---------+---------+-------+---------+---------+-------
      Total |  173947 |  103322 |  37.3 |     706 |     264 |  27.2
            +---------+---------+-------+---------+---------+-------
        D:1 |      64 |       0 |   0.0 |      31 |       0 |   0.0
        D:2 |      16 |       0 |   0.0 |       8 |       0 |   0.0
        D:3 |     154 |      47 |  23.4 |      31 |       8 |  20.5
        D:4 |     117 |     307 |  72.4 |       6 |       2 |  25.0
        D:5 |     659 |       0 |   0.0 |      22 |       0 |   0.0
        D:6 |     964 |     672 |  41.1 |      20 |       3 |  13.0
        D:7 |    1410 |     705 |  33.3 |      39 |       2 |   4.9
        D:8 |     532 |       0 |   0.0 |       9 |       0 |   0.0
        D:9 |    2007 |       0 |   0.0 |      22 |       0 |   0.0
       D:10 |    3404 |     746 |  18.0 |      41 |       8 |  16.3
       D:11 |    4680 |       0 |   0.0 |      28 |       0 |   0.0
     Lair:1 |    1796 |       0 |   0.0 |      13 |       0 |   0.0
     Lair:2 |    7240 |    3070 |  29.8 |      28 |       5 |  15.2
     Lair:3 |    7936 |       0 |   0.0 |      27 |       0 |   0.0
     Lair:4 |    2294 |    1862 |  44.8 |       9 |       7 |  43.8
     Lair:5 |    6515 |    7297 |  52.8 |      21 |      42 |  66.7
     Lair:6 |    5500 |   10901 |  66.5 |      26 |      23 |  46.9
   Shoals:1 |   15576 |     888 |   5.4 |      36 |       1 |   2.7
   Shoals:2 |   10608 |    5350 |  33.5 |      22 |       7 |  24.1
   Shoals:3 |    9986 |    2703 |  21.3 |      18 |       8 |  30.8
   Shoals:4 |   28049 |   24202 |  46.3 |      59 |      34 |  36.6
   Spider:1 |    9668 |       0 |   0.0 |      33 |       0 |   0.0
   Spider:2 |    5295 |       0 |   0.0 |      14 |       0 |   0.0
   Spider:3 |   19741 |   11613 |  37.0 |      51 |      21 |  29.2
   Spider:4 |   26577 |   17990 |  40.4 |      59 |      37 |  38.5
      Orc:1 |    1067 |     749 |  41.2 |      11 |       9 |  45.0
      Orc:2 |    2092 |    8477 |  80.2 |      22 |      24 |  52.2
      IceCv |       0 |    5743 | 100.0 |       0 |      23 | 100.0
            +---------+---------+-------+---------+---------+-------
